 Dungeon Crawl Stone Soup version 0.29.1-1-gd02db6906a (webtiles) character file.

Game seed: 14325891166302223352

5796 infinitevox the Trooper (level 10, -4/76 HPs)
             Began as a Demonspawn Cinder Acolyte on Oct 18, 2022.
             Was a High Priest of Ignis.
             Slain by an orc warrior
             ... wielding a +0 flail
              (11 damage)
             ... on level 8 of the Dungeon.
             The game lasted 00:44:01 (10358 turns).

infinitevox the Trooper (DsCA)                     Turns: 10358, Time: 00:44:02

Health: -4/76      AC: 12    Str: 17    XL:     10   Next: 50%
Magic:  16/19      EV: 12    Int: 24    God:    Ignis [*****.]
Gold:   433        SH:  0    Dex:  6    Spells: 16/21 levels left

rFire   . . .      SeeInvis .   u - +7 morningstar "Upsecs" {flame, rF- rC+ rCorr Stlth+}
rCold   + + .      Faith    .   (no shield)
rNeg    . . .      Spirit   .   i - +0 steam dragon scales
rPois   .          Reflect  .   (no helmet)
rElec   .          Harm     .   (no cloak)
rCorr   +          Rampage  .   (gloves unavailable)
Will    .....                   (no boots)
Stlth   ++........              (no amulet)
HPRegen 0.22/turn               w - ring of protection from cold
MPRegen 0.16/turn               o - +4 ring of protection

@: no status effects
A: thin metallic scales 1, demonic guardian 1, demonic touch 3, hooves 1, clever
2
a: Renounce Religion, Fiery Armour, Foxfire Swarm, Rising Flame


You were on level 8 of the Dungeon.
You worshipped Ignis.
Ignis was extremely pleased with you.
You visited 1 branch of the dungeon, and saw 8 of its levels.

You collected 433 gold pieces.

Inventory:

Hand Weapons
 m - the +8 short sword of Experimentation {freeze, Will++}
   (You found it on level 5 of the Dungeon)

   It freezes those it strikes, dealing additional cold damage.
   It can also slow down cold-blooded creatures.
   Will:      It greatly increases your willpower.
 u - the +7 morningstar "Upsecs" (weapon) {flame, rF- rC+ rCorr Stlth+}
   (You found it on level 6 of the Dungeon)

   It burns those it strikes, dealing additional fire damage.
   rF:        It makes you vulnerable to fire.
   rC:        It protects you from cold.
   rCorr:     It protects you from acid and corrosion.
   Stlth:     It makes you more stealthy.
Armour
 b - a +2 cloak of willpower
 f - a +0 kite shield
 i - +0 steam dragon scales (worn)
Magical Staves
 g - a staff of air
Jewellery
 o - a +4 ring of protection (right hand)
 w - a ring of protection from cold (left hand)
Wands
 j - a wand of digging (5)
 p - a wand of acid (1)
 t - a wand of mindburst (14)
 v - a wand of polymorph (5)
Scrolls
 a - a scroll of enchant weapon
 c - a scroll of noise {unknown}
 d - a scroll of magic mapping
 e - 5 scrolls of immolation
 h - a scroll of amnesia
 k - 4 scrolls of identify
 l - 2 scrolls of teleportation
 n - a scroll of silence
 r - a scroll of vulnerability
Potions
 q - 2 potions of cancellation
 s - a potion of curing
 x - 2 potions of mutation


   Skills:
 - Level 6.0 Fighting
 + Level 5.9 Maces & Flails
 - Level 5.0 Armour
 - Level 5.0 Dodging
 - Level 5.0 Unarmed Combat
 + Level 6.0 Spellcasting
 - Level 2.0 Hexes
 - Level 4.0 Fire Magic
 - Level 6.0 Evocations


You had 16 spell levels left.
You knew the following spells:

 Your Spells              Type           Power      Damage    Failure   Level
a - Scorch                Fire           52%        2d7       2%          2
b - Dazzling Flash        Conj/Hex       24%        N/A       16%         3

Your spell library contained the following spells:

 Spells                   Type           Power      Damage    Failure   Level
 Sting                    Tmut/Pois      28%        1d4       8%          1
 Tukima's Dance           Hex            16%        N/A       11%         3
 Poisonous Vapours        Pois/Air       14%        N/A       12%         2
 Portal Projectile        Hex/Tloc       24%        N/A       16%         3
 Gell's Gravitas          Tloc           7%         N/A       24%         3
 Teleport Other           Tloc           7%         N/A       24%         3
 Leda's Liquefaction      Hex/Erth       6%         N/A       45%         4
 Iskenderun's Mystic Bla  Conj/Tloc      7%         2d4       61%         4
 Olgreb's Toxic Radiance  Pois           7%         N/A       61%         4
 Blade Hands              Tmut           3%         N/A       91%         5
 Lee's Rapid Deconstruct  Erth           3%         3d6*      91%         5
 Starburst                Conj/Fire      8%         6d4       99%         6
 Dispersal                Tloc           3%         N/A       100%        6
 Statue Form              Tmut/Erth      4%         N/A       100%        6


Dungeon Overview and Level Annotations

Branches:
Dungeon (8/15)             Temple (0/1) D:6
   Lair: D:8-11

Altars:
Ashenzari
Qazlal
Yredelemnul


Innate Abilities, Weirdness & Mutations

You are partially covered in thin metallic scales. (AC +2)
A weak demonic guardian rushes to your aid.
Your touch may irresistibly damage your foes and sap their willpower.
You have large cloven feet.
Your mind is very acute. (Int +8, Str/Dex -2)


Message History

Your touch misses something.
You hear some strange, mumbled words.
You hear a zap.
Some rock shatters into small pieces.
Found a There-And-Back Book.
Something hits you.
Something mutters, "Now where did you hide it?"
Something hits you but does no damage. Something hits you but does no damage.
Something hits you.
Something groans, "What are you, a monk?"
Something hits you.
* * * LOW HITPOINT WARNING * * *
Something mutters, "Now where did you hide it?"
You impale something!! You burn something! Your kick misses something.
You touch something.
Reactivating autopickup.
You feel a bit more experienced.
Your Spellcasting skill increases to level 6!
Items here: ! $ )) / ? [[.
m - the +8 short sword of Experimentation {freeze, Will++}
b - a +2 cloak of willpower;
f - a +0 kite shield;
j - a wand of digging (5)
k - 4 scrolls of identify (gained 3);
q - 2 potions of cancellation You now have 433 gold pieces.
You see here a There-And-Back Book.
You pick up a There-And-Back Book and begin reading...
You add the spells Gell's Gravitas, Teleport Other and Dispersal to your library.
The orc warrior zaps a wand.
The mass of ice explodes!
The iceblast engulfs you! You partially resist.
* * * LOW HITPOINT WARNING * * *
You hear a shout! x2
Okay, then.
The orc warrior zaps a wand.
The mass of ice explodes!
The iceblast engulfs you! You partially resist.
* * * LOW HITPOINT WARNING * * *
A demonic guardian appears!
You hear two shouts!
Found a stone staircase leading up.
The orc warrior hits you with a +0 flail!
You die...

..............≈~≈~..#.....##...#†
.........(....~~~~..#....########
..............~~~~........##
......##.....♣~~~~.........#.
....... .......~...............
................5....#.........
...#..............)......##....#
..##)#...................# .....
.......#@..≈≈.......###.
........o..≈≈.......
.....................
................##...
#......o.........##.
#................#
..................
<..............


You could see an orc warrior (ally target), an orc and a friendly white imp
(summoned).

Vanquished Creatures
  Pikel (D:7)
  Joseph (D:8)
  Maurice (D:8)
  Maggie (D:8)
  Grinder (D:5)
  Prince Ribbit (D:7)
  6 yaks (D:8)
  A wyvern (D:8)
  Eustachio (D:4)
  A steam dragon (D:7)
  Menkaure (D:6)
  A water moccasin (D:7)
  A black bear (D:3)
  An ogre (D:6)
  An ice beast (D:8)
  A centaur (D:6)
  2 lemures (D:7)
  4 phantoms
  A kobold brigand (D:7)
  5 bullfrogs
  2 necrophages
  2 scorpions (D:5)
  5 wights (D:7)
  7 killer bees (D:7)
  A quasit (D:8)
  A jelly (D:6)
  An orc priest (D:4)
  3 hounds
  2 iguanas
  Jessica (D:2)
  Natasha (D:2)
  3 orc wizards
  6 gnolls
  7 adders
  2 white imps
  4 ufetubi
  5 dart slugs
  20 orcs
  7 ball pythons
  6 bats
  3 endoplasms
  7 giant cockroaches
  5 goblins
  7 hobgoblins
  5 quokkas
  4 frilled lizards
  13 kobolds
  8 rats
171 creatures vanquished.

Vanquished Creatures (collateral kills)
  A lemure (D:7)
  A gnoll sergeant (D:7)
2 creatures vanquished.

Vanquished Creatures (others)
  9 demonic plants (D:8)
9 creatures vanquished.

Grand Total: 182 creatures vanquished

Notes
Turn   | Place    | Note
-------+----------+-------------------------------------------
     0 | D:1      | infinitevox the Demonspawn Cinder Acolyte began the quest
                  | for the Orb.
     0 | D:1      | Reached XP level 1. HP: 18/18 MP: 2/2
   237 | D:1      | Gained mutation: Your touch may inflict minor irresistible
                  | damage on your foes. [demonic ancestry]
   237 | D:1      | Reached XP level 2. HP: 24/24 MP: 3/3
   240 | D:1      | Learned a level 2 spell: Scorch
   860 | D:1      | Reached skill level 1 in Dodging
  1022 | D:1      | Reached XP level 3. HP: 27/29 MP: 4/4
  1625 | D:2      | Noticed a great orb of eyes
  1636 | D:2      | Reached skill level 1 in Unarmed Combat
  1808 | D:2      | Noticed a great orb of eyes
  1810 | D:2      | Found a faded altar of an unknown god.
  1812 | D:2      | Noticed an eye of devastation
  1817 | D:2      | Noticed a shining eye
  1901 | D:2      | Found a basalt altar of Yredelemnul.
  1903 | D:2      | You fall into a shaft and drop 2 floors!
  2048 | D:4      | Noticed Eustachio
  2083 | D:4      | Gained mutation: You are clumsy. (Dex -2) [potion of
                  | mutation]
  2083 | D:4      | Lost mutation: You are clumsy. (Dex -2) [potion of
                  | mutation]
  2087 | D:4      | Gained mutation: Your touch may inflict irresistible damage
                  | on your foes. [demonic ancestry]
  2087 | D:4      | Reached XP level 4. HP: 20/35 MP: 5/5
  3738 | D:2      | Gained mutation: You are partially covered in thin metallic
                  | scales. (AC +2) [demonic ancestry]
  3738 | D:2      | Reached XP level 5. HP: 30/41 MP: 4/6
  3866 | D:2      | Noticed Jessica
  3874 | D:2      | Killed Jessica
  4150 | D:2      | Noticed Natasha
  4156 | D:2      | Killed Natasha
  4667 | D:4      | Gained mutation: Your mind is acute. (Int +4, Str/Dex -1)
                  | [potion of mutation]
  4667 | D:4      | Gained mutation: Your mind is very acute. (Int +8, Str/Dex
                  | -2) [potion of mutation]
  4667 | D:4      | Gained mutation: You have large cloven feet. [potion of
                  | mutation]
  4676 | D:4      | Reached XP level 6. HP: 3/47 MP: 7/7
  5849 | D:4      | Killed Eustachio
  5850 | D:4      | Gained mutation: Your touch may irresistibly damage your
                  | foes and sap their willpower. [demonic ancestry]
  5850 | D:4      | Reached XP level 7. HP: 52/52 MP: 3/8
  6169 | D:5      | Entered Level 5 of the Dungeon
  6219 | D:5      | Found a stormy altar of Qazlal.
  6238 | D:5      | Identified the +8 short sword of Experimentation {freeze,
                  | Will++}
  6517 | D:5      | Noticed Grinder
  6538 | D:5      | Reached skill level 5 in Unarmed Combat
  6553 | D:5      | Killed Grinder
  6554 | D:5      | Reached skill level 5 in Dodging
  6554 | D:5      | Reached XP level 8. HP: 42/60 MP: 1/9
  7065 | D:6      | Reached skill level 1 in Evocations
  7122 | D:6      | Reached skill level 1 in Armour
  7123 | D:6      | Identified the +7 morningstar "Upsecs" {flame, rF- rC+
                  | rCorr Stlth+}
  7194 | D:6      | Found a broken altar of Ashenzari.
  7247 | D:6      | Found a staircase to the Ecumenical Temple.
  7450 | D:6      | Reached skill level 5 in Fighting
  7466 | D:6      | Noticed Menkaure
  7489 | D:6      | Killed Menkaure
  7792 | D:7      | Learned a level 3 spell: Dazzling Flash
  7822 | D:7      | Reached skill level 1 in Hexes
  7896 | D:7      | Gained mutation: A weak demonic guardian rushes to your
                  | aid. [demonic ancestry]
  7896 | D:7      | Reached XP level 9. HP: 49/69 MP: 7/10
  8343 | D:7      | Reached skill level 5 in Evocations
  8344 | D:7      | Noticed Prince Ribbit
  8357 | D:7      | Killed Prince Ribbit
  8369 | D:7      | Noticed Pikel
  8939 | D:7      | Reached skill level 5 in Armour
  9239 | D:7      | Killed Pikel
  9826 | D:8      | Noticed Maggie
  9841 | D:8      | Killed Maggie
  9842 | D:8      | Reached XP level 10. HP: 71/76 MP: 10/17
  9988 | D:8      | Reached skill level 5 in Spellcasting
 10067 | D:8      | Reached skill level 5 in Maces & Flails
 10301 | D:8      | Noticed Maurice
 10315 | D:8      | Noticed Joseph
 10327 | D:8      | Killed Joseph
 10351 | D:8      | Killed Maurice
 10358 | D:8      | Slain by an orc warrior

Illustrated notes

Levels and vault maps discovered:
D:1:      dpeg_arrival_prison, layout_basic, serial_rivers,
          chequers_serial_rivers_micro_b, chequers_serial_rivers_large_b,
          chequers_serial_rivers_small_a, chequers_serial_rivers_micro_b
D:2:      layout_loops_ring, hellmonk_ecumenical_altar_watching_god,
          basic_altar, minmay_surrounded, uniq_natasha, uniq_jessica
D:3:      layout_basic, minmay_misc_feat_chi
D:4:      layout_gridville, uniq_eustachio
D:5:      layout_rooms, grunt_qazlal_clouds, chequers_serial_rivers_micro_a,
          uniq_grinder
D:6:      layout_loops_ring, overflow_temple_1_default,
          minmay_temple_entry_mini_moons, kennysheep_generic_room_16,
          uniq_menkaure
D:7:      layout_loops_ring, uniq_prince_ribbit1, uniq_pikel
D:8:      layout_cave_pools, nzn_overflow_gifts_of_might_and_magic,
          serial_demonic, serial_demonic_f, serial_demonic_g, serial_demonic_e,
          serial_demonic_g, uniq_joseph, uniq_maggie, uniq_maurice

Skill      XL: |  1  2  3  4  5  6  7  8  9 10 |
---------------+-------------------------------+-----
Maces & Flails | 3 4 5 |  5.9
Fire Magic     | 3 4 |  4.0
Dodging        | 1 2 3 4 5 |  5.0
Unarmed Combat | 1 2 4 5 |  5.0
Fighting       | 4 5 6 |  6.0
Evocations     | 4 6 |  6.0
Armour         | 3 5 |  5.0
Hexes          | 1 2 |  2.0
Spellcasting   | 4 6 |  6.0

Action                   |  1- 3 |  4- 6 |  7- 9 | 10-12 || total
-------------------------+-------+-------+-------+-------++-------
Melee: Mace              |   134 |       |       |       ||   134
       Touch             |     8 |    24 |    19 |     7 ||    58
       Unarmed           |       |   169 |     5 |       ||   174
       Kick              |       |    13 |    37 |    10 ||    60
       Punch             |       |     1 |     3 |     2 ||     6
       Short sword       |       |       |   162 |       ||   162
       Morningstar       |       |       |    23 |    39 ||    62
 Cast: Scorch            |     2 |    21 |    40 |    13 ||    76
       Dazzling Flash    |       |       |     3 |     3 ||     6
Evoke: Wand              |       |       |       |     1 ||     1
  Use: Potion            |     5 |     9 |     6 |       ||    20
       Scroll            |     1 |     2 |     8 |     2 ||    13
 Stab: Invisible         |       |       |     1 |       ||     1
       Sleeping          |       |       |     1 |       ||     1
Armor: Robe              |    31 |     3 |       |       ||    34
       Leather armour    |       |     5 |    96 |       ||   101
       Ring mail         |       |    32 |       |       ||    32
       Steam dragon scal |       |       |       |    26 ||    26
Dodge: Dodged            |    94 |   114 |   129 |    41 ||   378
